AAA
QUEBEC FIGHTING QUAKERS @ PORTSMOUTH ATLANTICS
04/17/2060
 
TOP OF THE 1ST
Ottawa Beavers batting - Pitching for New York Comets : RHP Kurtis McClellan
Pitching: RHP Kurtis McClellan
Batting: LHB Isaac Luo 0-0: Swinging Strike
0-1: Called Strike
0-2: Strikes out swinging
Batting: RHB Jaboree Kafengauz 0-0: Foul Ball, location: 2F
0-1: Ball
1-1: Ball
2-1: Called Strike
2-2: Strikes out swinging
Batting: RHB Carlos Kinney 0-0: Called Strike
0-1: Swinging Strike
0-2: Ball
1-2: Ball
2-2: Foul Ball, location: 2F
2-2: Foul Ball, location: 2F
2-2: Ground out U3 (Groundball, 13, EV 82.5 MPH)
Top of the 1st over - 0 runs, 0 hits, 0 errors, 0 left on base; Ottawa 0 - New York 0
BOTTOM OF THE 1ST
New York Comets batting - Pitching for Ottawa Beavers : RHP Dabney Gonzalez
Pitching: RHP Dabney Gonzalez
Batting: SHB Drake Stock 0-0: Ball
1-0: Ball
2-0: Called Strike
2-1: Foul Ball, location: 2F
2-2: Foul Ball, location: 2F
2-2: Ground out 4-3 (Groundball, 4, EV 86.9 MPH)
Batting: RHB Victor Day 0-0: Called Strike
0-1: Ground out 4-3 (Groundball, 4, EV 78.8 MPH)
Batting: LHB Morgan Buga 0-0: Foul Ball, location: 2F
0-1: Ball
1-1: Ball
2-1: Fly out, F6 (Popup, 6, EV 62.5 MPH)
Bottom of the 1st over - 0 runs, 0 hits, 0 errors, 0 left on base; Ottawa 0 - New York 0
TOP OF THE 2ND
Ottawa Beavers batting - Pitching for New York Comets : RHP Kurtis McClellan
Batting: RHB Gavin Wright 0-0: Foul Ball, location: 2F
0-1: Swinging Strike
0-2: Ball
1-2: SINGLE (Groundball, 6M, EV 108.8 MPH) (infield hit)
Batting: RHB Nelson Lutsky 0-0: Ball
1-0: Ball
2-0: Ball
3-0: Called Strike
3-1: Foul Ball, location: 2F
3-2: Strikes out swinging
Gavin Wright steals 2nd base
Batter strikes out.
Batting: SHB Jim Arvin 0-0: Fly out, F7 (Flyball, 7LM, EV 83.8 MPH)
Batting: SHB Darren Clark 0-0: Called Strike
0-1: Ball
1-1: Foul Ball, location: 2F
1-2: Ball
2-2: Ball
3-2: SINGLE (Groundball, 25, EV 75.0 MPH) (infield hit)
Gavin Wright to third
Pinch Runner at 1st Scott Miller:
Batting: RHB Erick Hartman 0-0: Foul Ball, location: 2F
0-1: Ball
1-1: Ball
2-1: Foul Ball, location: 2F
2-2: Strikes out swinging
Top of the 2nd over - 0 runs, 2 hits, 0 errors, 2 left on base; Ottawa 0 - New York 0
BOTTOM OF THE 2ND
New York Comets batting - Pitching for Ottawa Beavers : RHP Dabney Gonzalez
Now at 2B: Scott Miller
Batting: RHB Mason Douglass 0-0: Ball
1-0: Ball
2-0: Ball
3-0: Base on Balls
Batting: RHB Bryan Steed 0-0: Foul Ball, location: 2F
Balk!
Mason Douglass to second
0-1: Fly out, F7 (Flyball, 7S, EV 86.2 MPH)
Batting: RHB Izaiah Norwood 0-0: Called Strike
0-1: Ball
1-1: Ball
2-1: Ball
3-1: SINGLE (Groundball, 6MD, EV 105.0 MPH)
Mason Douglass to third
Batting: LHB Jay Vurgun 0-0: Ball
1-0: Swinging Strike
1-1: Fielders Choice at 2nd, 3-6 (Groundball, 3S, EV 79.4 MPH)
Mason Douglass scores
Batting: RHB William Adkins 0-0: Ball
1-0: Ground out U3 (Groundball, 3, EV 79.4 MPH)
Bottom of the 2nd over - 1 run, 1 hit, 0 errors, 1 left on base; Ottawa 0 - New York 1
TOP OF THE 3RD
Ottawa Beavers batting - Pitching for New York Comets : RHP Kurtis McClellan
Batting: RHB Chas Finley 0-0: Called Strike
0-1: Foul Ball, location: 2F
0-2: Ball
1-2: DOUBLE (Line Drive, 78XD, EV 104.4 MPH) - OUT at third base trying to stretch hit.
Batting: LHB Isaac Luo 0-0: Swinging Strike
0-1: Called Strike
0-2: Ball
1-2: Ball
2-2: Foul Ball, location: 2F
2-2: Ball
3-2: Strikes out swinging
Batting: RHB Jaboree Kafengauz 0-0: Swinging Strike
0-1: Ball
1-1: Foul Ball, location: 2F
1-2: Ball
2-2: Foul Ball, location: 2F
2-2: SINGLE (Groundball, 34D, EV 94.4 MPH)
Batting: RHB Carlos Kinney 0-0: Foul Ball, location: 2F
0-1: Foul Ball, location: 2F
0-2: Fielders Choice at 2nd, 6-4 (Groundball, 56, EV 84.4 MPH)
Top of the 3rd over - 0 runs, 2 hits, 0 errors, 1 left on base; Ottawa 0 - New York 1
BOTTOM OF THE 3RD
New York Comets batting - Pitching for Ottawa Beavers : RHP Dabney Gonzalez
Batting: RHB Cole Weiland 0-0: Hit by Pitch
Batting: SHB Drake Stock 0-0: Swinging Strike
0-1: Ball
1-1: SINGLE (Line Drive, 7LS, EV 90.0 MPH)
Cole Weiland to second
Batting: RHB Victor Day 0-0: Ball
1-0: Foul Ball, location: 2F
1-1: Ball
2-1: Ball
3-1: Foul Ball, location: 2F
3-2: Foul Ball, location: 2F
3-2: Base on Balls
Cole Weiland to third
Drake Stock to second
Batting: LHB Morgan Buga 0-0: Ground out 4-3 (Groundball, 34D, EV 106.9 MPH)
Cole Weiland scores
Drake Stock to third
Victor Day to second
Batting: RHB Mason Douglass 0-0: Swinging Strike
0-1: Ball
1-1: Ball
2-1: SINGLE (Groundball, 34D, EV 105.0 MPH)
Drake Stock scores
Victor Day to third
Runner from 3rd tries for Home, SAFE, throw by RF to home
Batting: RHB Bryan Steed 0-0: Called Strike
0-1: Called Strike
0-2: Strikes out swinging
Batting: RHB Izaiah Norwood 0-0: Ball
1-0: Foul Ball, location: 2F
1-1: Called Strike
1-2: Foul Ball, location: 2F
1-2: 2-RUN HOME RUN (Flyball, 7D, EV 97.5 MPH), Distance : 377 ft
Batting: LHB Jay Vurgun 0-0: Ball
1-0: SINGLE (Line Drive, 78M, EV 95.6 MPH)
Pitching: RHP Seth Krum
Batting: RHB William Adkins 0-0: Called Strike
0-1: Swinging Strike
0-2: Strikes out swinging
Bottom of the 3rd over - 5 runs, 4 hits, 0 errors, 1 left on base; Ottawa 0 - New York 6
TOP OF THE 4TH
Ottawa Beavers batting - Pitching for New York Comets : RHP Kurtis McClellan
Batting: RHB Gavin Wright 0-0: Ball
1-0: Ball
2-0: Called Strike
2-1: Foul Ball, location: 2F
2-2: Fly out, F9 (Flyball, 9LD, EV 93.1 MPH)
Batting: RHB Nelson Lutsky 0-0: Foul Ball, location: 2F
0-1: Foul Ball, location: 2F
0-2: Ball
1-2: Strikes out swinging
Batting: SHB Jim Arvin 0-0: Called Strike
0-1: Ball
1-1: Ball
2-1: Foul Ball, location: 2F
2-2: Strikes out swinging
Top of the 4th over - 0 runs, 0 hits, 0 errors, 0 left on base; Ottawa 0 - New York 6
BOTTOM OF THE 4TH
New York Comets batting - Pitching for Ottawa Beavers : RHP Seth Krum
Batting: RHB Cole Weiland 0-0: SINGLE (Line Drive, 34D, EV 98.8 MPH)
Batting: SHB Drake Stock 0-0: Called Strike
0-1: SINGLE (Line Drive, 7S, EV 101.9 MPH)
Cole Weiland to second
Batting: RHB Victor Day 0-0: Called Strike
0-1: Foul Ball, location: 2F
0-2: Ball
1-2: Ball
2-2: Strikes out swinging
Batting: LHB Morgan Buga 0-0: Swinging Strike
0-1: Ball
1-1: Ball
2-1: Ball
3-1: Foul Ball, location: 2F
3-2: Foul Ball, location: 2F
3-2: Base on Balls
Cole Weiland to third
Drake Stock to second
Batting: RHB Mason Douglass 0-0: Foul Ball, location: 2F
0-1: Ball
1-1: SINGLE (Groundball, 6MD, EV 103.8 MPH)
Cole Weiland scores
Drake Stock to third
Morgan Buga to second
Batting: RHB Bryan Steed 0-0: Foul Ball, location: 2F
0-1: Swinging Strike
0-2: Ball
1-2: Foul Ball, location: 2F
1-2: Strikes out swinging
Batting: RHB Izaiah Norwood 0-0: Ball
1-0: Ball
2-0: Ball
3-0: Base on Balls
Drake Stock scores
Morgan Buga to third
Mason Douglass to second
Batting: LHB Jay Vurgun 0-0: Called Strike
0-1: Ball
1-1: SINGLE (Groundball, 34D, EV 99.4 MPH)
Morgan Buga scores
Mason Douglass to third
Izaiah Norwood to second
Runner from 3rd tries for Home, SAFE, throw by RF to home
Batting: RHB William Adkins 0-0: Called Strike
0-1: Ball
1-1: SINGLE (Groundball, 34D, EV 100.0 MPH)
Izaiah Norwood to third
Jay Vurgun to second
Batting: RHB Cole Weiland 0-0: Ball
1-0: Ball
2-0: Called Strike
2-1: Called Strike
2-2: Strikes out swinging
Bottom of the 4th over - 4 runs, 5 hits, 0 errors, 3 left on base; Ottawa 0 - New York 10
TOP OF THE 5TH
Ottawa Beavers batting - Pitching for New York Comets : RHP Kurtis McClellan
Batting: RHB Scott Miller 0-0: Ground out 1-3 (Groundball, 15S, EV 68.8 MPH)
Batting: RHB Erick Hartman 0-0: SINGLE (Line Drive, 4M, EV 97.5 MPH)
Batting: RHB Chas Finley 0-0: Called Strike
Erick Hartman steals 2nd base
0-1: Ball
1-1: Foul Ball, location: 2F
1-2: Ball
2-2: Ball
3-2: Fly out, F8 (Flyball, 8LD, EV 90.6 MPH)
Batting: LHB Isaac Luo 0-0: Called Strike
0-1: Called Strike
0-2: SINGLE (Line Drive, 7LS, EV 108.8 MPH)
Erick Hartman to third
Runner from 3rd tries for Home, throw by LF and OUT! 7-2
Top of the 5th over - 0 runs, 2 hits, 0 errors, 1 left on base; Ottawa 0 - New York 10
BOTTOM OF THE 5TH
New York Comets batting - Pitching for Ottawa Beavers : RHP Seth Krum
Batting: SHB Drake Stock 0-0: Ball
1-0: Called Strike
1-1: Foul Ball, location: 2F
1-2: Foul Ball, location: 2F
1-2: Foul Ball, location: 2F
1-2: Ball
2-2: Foul Ball, location: 2F
2-2: Foul Ball, location: 2F
2-2: Foul Ball, location: 2F
2-2: SINGLE (Groundball, 6M, EV 106.9 MPH)
Batting: RHB Victor Day 0-0: Ball
1-0: Ball
2-0: Called Strike
2-1: Foul Ball, location: 2F
2-2: Ball
3-2: 2-RUN HOME RUN (Flyball, 7D, EV 97.5 MPH), Distance : 376 ft
Pitching: RHP Maxim Chet
Batting: LHB Morgan Buga 0-0: Ball
1-0: Ground out 6-3 (Groundball, 6, EV 98.8 MPH)
Batting: RHB Mason Douglass 0-0: Ball
1-0: Fly out, F7 (Flyball, 7LM, EV 102.5 MPH)
Batting: RHB Bryan Steed 0-0: Ball
1-0: Foul Ball, location: 2F
1-1: Ball
2-1: Ball
3-1: Called Strike
3-2: DOUBLE (Line Drive, 7LM, EV 95.0 MPH)
Batting: RHB Izaiah Norwood 0-0: Ball
1-0: Ball
2-0: Called Strike
2-1: Foul Ball, location: 2F
2-2: Reached on error, E5 (Groundball, 56, EV 102.5 MPH)
Bryan Steed to third
Batting: LHB Jay Vurgun 0-0: Ball
1-0: Fly out, F6 (Popup, 6MD, EV 48.1 MPH)
Bottom of the 5th over - 2 runs, 3 hits, 1 error, 2 left on base; Ottawa 0 - New York 12
TOP OF THE 6TH
Ottawa Beavers batting - Pitching for New York Comets : RHP Kurtis McClellan
Batting: RHB Jaboree Kafengauz 0-0: Swinging Strike
0-1: Foul Ball, location: 2F
0-2: Ball
1-2: Foul Ball, location: 2F
1-2: Foul Ball, location: 2F
1-2: Strikes out swinging
Batting: RHB Carlos Kinney 0-0: Called Strike
0-1: Ball
1-1: SINGLE (Line Drive, 9S, EV 95.6 MPH)
Batting: RHB Gavin Wright 0-0: Called Strike
0-1: Ball
1-1: Foul Ball, location: 2F
1-2: Fly out, F8 (Flyball, 8RXD, EV 100.6 MPH)
Batting: RHB Nelson Lutsky 0-0: Foul Ball, location: 2F
0-1: Called Strike
0-2: Ball
1-2: Strikes out swinging
Top of the 6th over - 0 runs, 1 hit, 0 errors, 1 left on base; Ottawa 0 - New York 12
BOTTOM OF THE 6TH
New York Comets batting - Pitching for Ottawa Beavers : RHP Maxim Chet
Batting: RHB William Adkins 0-0: Foul Ball, location: 2F
0-1: Called Strike
0-2: Foul Ball, location: 2F
0-2: Strikes out swinging
Batting: RHB Cole Weiland 0-0: Fly out, F8 (Flyball, 8RD, EV 100.6 MPH)
Batting: SHB Drake Stock 0-0: Foul Ball, location: 2F
0-1: Fly out, F9 (Flyball, 89S, EV 88.1 MPH)
Bottom of the 6th over - 0 runs, 0 hits, 0 errors, 0 left on base; Ottawa 0 - New York 12
TOP OF THE 7TH
Ottawa Beavers batting - Pitching for New York Comets : RHP Kurtis McClellan
Batting: SHB Jim Arvin 0-0: Ball
1-0: Foul Ball, location: 2F
1-1: Swinging Strike
1-2: Strikes out looking
Pinch Hitting: LHB Abel Valley 0-0: Called Strike
0-1: SINGLE (Groundball, 34, EV 100.6 MPH)
Batting: RHB Erick Hartman 0-0: Called Strike
Abel Valley steals 2nd base (no throw)
0-1: Foul Ball, location: 2F
0-2: Ground out 6-3 (Groundball, 6, EV 85.6 MPH)
Abel Valley to third
Batting: RHB Chas Finley 0-0: Ball
1-0: Foul Ball, location: 2F
1-1: Ball
2-1: Fly out, F3 (Popup, 3, EV 56.9 MPH)
Top of the 7th over - 0 runs, 1 hit, 0 errors, 1 left on base; Ottawa 0 - New York 12
BOTTOM OF THE 7TH
New York Comets batting - Pitching for Ottawa Beavers : RHP Maxim Chet
Now at 2B: Abel Valley
Batting: RHB Victor Day 0-0: Called Strike
0-1: Foul Ball, location: 2F
0-2: Ball
1-2: Ball
2-2: Fly out, F9 (Flyball, 9D, EV 83.1 MPH)
Batting: LHB Morgan Buga 0-0: Ground out 4-3 (Groundball, 4, EV 88.8 MPH)
Batting: RHB Mason Douglass 0-0: Called Strike
0-1: Ball
1-1: Foul Ball, location: 2F
1-2: Ground out 5-3 (Groundball, 56D, EV 81.2 MPH)
Bottom of the 7th over - 0 runs, 0 hits, 0 errors, 0 left on base; Ottawa 0 - New York 12
TOP OF THE 8TH
Ottawa Beavers batting - Pitching for New York Comets : RHP Kurtis McClellan
Pitching: RHP Jay Hastings
Batting: LHB Isaac Luo 0-0: Ball
1-0: Called Strike
1-1: Ball
2-1: SINGLE (Groundball, 4M, EV 111.2 MPH) (infield hit)
Batting: RHB Jaboree Kafengauz 0-0: SINGLE (Groundball, 3D, EV 103.1 MPH)
Isaac Luo to second
Runner from 2nd tries for 3rd, OUT! 9-5
Batting: RHB Carlos Kinney 0-0: Ball
1-0: Ball
2-0: Called Strike
2-1: SINGLE (Line Drive, 8LS, EV 102.5 MPH)
Jaboree Kafengauz to second
Batting: RHB Gavin Wright 0-0: Ball
1-0: Foul Ball, location: 2F
1-1: Ball
2-1: Foul Ball, location: 2F
2-2: Strikes out swinging
Batting: RHB Nelson Lutsky 0-0: Swinging Strike
0-1: Foul Ball, location: 2F
0-2: Ball
1-2: Ball
2-2: Foul Ball, location: 2F
2-2: Ball
3-2: Foul Ball, location: 2F
3-2: Base on Balls
Jaboree Kafengauz to third
Carlos Kinney to second
Batting: SHB Jim Arvin 0-0: Called Strike
0-1: Ball
1-1: Ball
2-1: Swinging Strike
2-2: Ball
3-2: Foul Ball, location: 2F
3-2: Foul Ball, location: 2F
3-2: Base on Balls
Jaboree Kafengauz scores
Carlos Kinney to third
Nelson Lutsky to second
Pitching: LHP Jamie Matchett
Pinch Hitting: SHB Dennis Daley 0-0: Ball
1-0: Called Strike
1-1: Ball
2-1: SINGLE (Groundball, 6MD, EV 105.0 MPH)
Carlos Kinney scores
Nelson Lutsky to third
Jim Arvin to second
Runner from 3rd tries for Home, throw by CF and OUT! 8-2
Top of the 8th over - 2 runs, 4 hits, 0 errors, 2 left on base; Ottawa 2 - New York 12
BOTTOM OF THE 8TH
New York Comets batting - Pitching for Ottawa Beavers : RHP Maxim Chet
Now at 2B: Jaboree Kafengauz
Now at 3B: Omari Stubbs
Batting: RHB Bryan Steed 0-0: Swinging Strike
0-1: Swinging Strike
0-2: Strikes out looking
Batting: RHB Izaiah Norwood 0-0: Fly out, F9 (Flyball, 9S, EV 91.2 MPH)
Batting: LHB Jay Vurgun 0-0: Ball
1-0: SINGLE (Line Drive, 56, EV 106.2 MPH)
Batting: RHB William Adkins 0-0: Ball
1-0: Called Strike
1-1: DOUBLE (Line Drive, 7LM, EV 105.0 MPH)
Jay Vurgun to third
Runner from 3rd tries for Home, SAFE, throw by LF to trailing runner, SAFE at third!
Batting: RHB Cole Weiland 0-0: Ball
1-0: Fly out, F8 (Flyball, 8RM, EV 88.8 MPH)
Bottom of the 8th over - 1 run, 2 hits, 0 errors, 1 left on base; Ottawa 2 - New York 13
TOP OF THE 9TH
Ottawa Beavers batting - Pitching for New York Comets : LHP Jamie Matchett
Batting: RHB Erick Hartman 0-0: Called Strike
0-1: Ground out 1-3 (Groundball, 15S, EV 68.1 MPH)
Batting: RHB Chas Finley 0-0: Called Strike
0-1: Ball
1-1: Foul Ball, location: 2F
1-2: Strikes out swinging
Batting: LHB Isaac Luo 0-0: Ball
1-0: Ball
2-0: Called Strike
2-1: Foul Ball, location: 2F
2-2: Strikes out swinging
Top of the 9th over - 0 runs, 0 hits, 0 errors, 0 left on base; Ottawa 2 - New York 13
Monday, April 29th , 2024 - OOTP Baseball 23.10 Build 110